 Dungeon Crawl Stone Soup version 0.30.0-10-gfe55d96785 (webtiles) character file.

Game seed: 15791073403468197902

123 Sobieck the Vexing (level 4, -5/21 HPs)
             Began as a Spriggan Hexslinger on May 13, 2023.
             Slain by a sleepcap (20 damage)
             ... on level 3 of the Dungeon.
             The game lasted 00:05:44 (2136 turns).

Sobieck the Vexing (Spriggan Hexslinger)            Turns: 2136, Time: 00:05:45

Health: -5/21      AC:  2    Str:  6    XL:     4   Next: 79%
Magic:  10/10      EV:  4    Int: 14    God:
Gold:   226        SH:  0    Dex: 17    Spells: 3/10 levels left

rFire   . . .        a - +1 sling
rCold   . . .        (no shield)
rNeg    . . .        c - +0 robe
rPois   .            (helmet restricted)
rElec   .            (no cloak)
rCorr   .            (gloves unavailable)
SInv    +            (boots unavailable)
Will    .....        j - amulet of reflection
Stlth   ++           (no ring)
HPRegen 0.23/turn    (no ring)
MPRegen 0.12/turn

%: reflection
@: sleeping, very quick
A: very small, no large weapons, unfitting armour, see invisible, speed 3
a: no special abilities


You were on level 3 of the Dungeon.
You visited 1 branch of the dungeon, and saw 3 of its levels.

You collected 226 gold pieces.


Innate Abilities, Weirdness & Mutations

You are very small and have problems with some larger weapons.
You are too small for most types of armour.
You have supernaturally acute eyesight. (SInv)
You cover ground extremely quickly. (Speed+++)


   Skills:
 - Level 0.7 Fighting
 - Level 2.0 Ranged Weapons
 - Level 2.6 Dodging
 + Level 3.7 Spellcasting
 + Level 5.1 Hexes
 + Level 1.3 Fire Magic


You had 3 spell levels left.
You knew the following spells:

 Your Spells              Type           Power      Damage    Failure   Level
a - Slow                  Hex            68%        N/A       2%          1
b - Inner Flame           Hex/Fire       11%        N/A       16%         3
c - Portal Projectile     Hex/Tloc       18%        N/A       21%         3

Your spell library contained the following spells:

 Spells                   Type           Power      Damage    Failure   Level
 Ensorcelled Hibernation  Hex/Ice        18%        N/A       11%         2
 Passwall                 Tmut/Erth      1%         N/A       30%         2
 Sublimation of Blood     Necr           2%         N/A       30%         2
 Swiftness                Air            2%         N/A       52%         3
 Cause Fear               Hex            8%         N/A       24%         4
 Petrify                  Tmut/Erth      2%         N/A       89%         4
 Irradiate                Conj/Tmut      1%         3d12      99%         5

Inventory:

Hand Weapons
 a - a +1 sling (weapon)
 r - a +0 dagger of draining {short}
   (You took it off an orc on level 3 of the Dungeon)
Missiles
 f - 21 stones {throwing}
Armour
 c - a +0 robe (worn)
 i - a +0 robe
   (You found it on level 1 of the Dungeon)
 n - a scarf of shadows
   (You found it on level 2 of the Dungeon)
 t - a +0 robe
   (You took it off an orc wizard on level 2 of the Dungeon)
Magical Staves
 p - a staff of poison {!astaff}
   (You found it on level 2 of the Dungeon)
Jewellery
 j - an amulet of reflection (around neck)
   (You found it on level 1 of the Dungeon)
Scrolls
 b - 3 scrolls of poison {!r}
 e - 2 scrolls of fear {unknown}
 g - 3 scrolls of identify {unknown}
 h - 2 scrolls of teleportation {unknown}
 l - a scroll of fog {unknown}
 m - a scroll of noise {unknown}
 q - a scroll of amnesia {unknown}
Potions
 d - 2 potions of mutation {unknown}
 k - a potion of berserk rage {unknown}
 o - a potion of ambrosia {unknown}
 s - a potion of might {unknown}

Dungeon Overview and Level Annotations

Branches:
Dungeon (3/15) Zot: 16438

Altars:

#.#..#.# ## #....#.#
...####.##.# ...
...#....#
....##.#.)#.#
..........###
.......#.#....#
#....#....f.#.#
#..†.##...@.#.#
#....##...#.#.#
#....##.......#
#....##...#####.
..+..............>.
#.##...#...#....##.#
#.##.......#....#
#.##.......#....#
#.##......##....#


You could see a sleepcap.


Message History

You start resting.
You climb downwards.
There is a stone staircase leading up here.
Danger!
Unknown command.
Unknown command.
Casting: Slow (safe; 2% risk of failure)
Confirm with . or Enter, or press ? or * to list all spells.
Aiming: Slow (safe; 2% risk of failure)
Press: ? - help, Shift-Dir - straight line, f - orc wizard
Aim: an orc wizard, wielding a +0 dagger and wearing a +0 robe (chance to affect: 50%)
The orc wizard seems to slow down.
Fire: a) +1 sling
Press: ? - help, Q - select action, (/) - cycle Shift-Dir - straight line, f/p - orc wizard
Aim: an orc wizard, wielding a +0 dagger and wearing a +0 robe (slow, 51% to hit)
You shoot a sling bullet.
The sling bullet hits the orc wizard but does no damage.
Fire: a) +1 sling
Press: ? - help, Q - select action, (/) - cycle Shift-Dir - straight line, f/p - orc wizard
Aim: an orc wizard, wielding a +0 dagger and wearing a +0 robe (slow, 51% to hit)
You shoot a sling bullet.
The sling bullet closely misses the orc wizard.
Fire: a) +1 sling
Press: ? - help, Q - select action, (/) - cycle Shift-Dir - straight line, f/p - orc wizard
Aim: an orc wizard, wielding a +0 dagger and wearing a +0 robe (slow, 51% to hit)
You shoot a sling bullet. The sling bullet hits the orc wizard.
The orc wizard closely misses you.
You climb upwards.
There is a stone staircase leading down here.
Fire: a) +1 sling
Press: ? - help, Q - select action, (/) - cycle Shift-Dir - straight line, f - orc wizard
Aim: an orc wizard, wielding a +0 dagger and wearing a +0 robe (lightly wounded, slow, 51% to hit)
You shoot a sling bullet.
The sling bullet hits the orc wizard but does no damage.
The orc wizard misses you.
Fire: a) +1 sling
Press: ? - help, Q - select action, (/) - cycle Shift-Dir - straight line, f/p - orc wizard
Aim: an orc wizard, wielding a +0 dagger and wearing a +0 robe (lightly wounded, slow, 51% to hit)
You shoot a sling bullet. The sling bullet hits the orc wizard.
The orc wizard is no longer moving slowly.
The orc wizard misses you.
Fire: a) +1 sling
Press: ? - help, Q - select action, (/) - cycle Shift-Dir - straight line, f/p - orc wizard
Aim: an orc wizard, wielding a +0 dagger and wearing a +0 robe (moderately wounded, 51% to hit)
You shoot a sling bullet. The sling bullet hits the orc wizard.
The orc wizard closely misses you.
Casting: Slow (safe; 2% risk of failure)
Confirm with . or Enter, or press ? or * to list all spells.
Aiming: Slow (safe; 2% risk of failure)
Press: ? - help, Shift-Dir - straight line, f/p - orc wizard
Aim: an orc wizard, wielding a +0 dagger and wearing a +0 robe (heavily wounded, chance to affect: 50%)
The orc wizard seems to slow down.
The orc wizard barely misses you.
Fire: a) +1 sling
Press: ? - help, Q - select action, (/) - cycle Shift-Dir - straight line, f/p - orc wizard
Aim: an orc wizard, wielding a +0 dagger and wearing a +0 robe (heavily wounded, slow, 51% to hit)
You shoot a sling bullet. The sling bullet hits the orc wizard.
The orc wizard hits you with a +0 dagger.
Fire: a) +1 sling
Press: ? - help, Q - select action, (/) - cycle Shift-Dir - straight line, f/p - orc wizard
Aim: an orc wizard, wielding a +0 dagger and wearing a +0 robe (almost dead, slow, 51% to hit)
You shoot a sling bullet. The sling bullet hits the orc wizard.
You kill the orc wizard!
Your Hexes skill increases to level 5!
Unknown command.
t - a +0 robe You see here a +0 dagger {short}.
There is a stone staircase leading down here.
You start resting.
Unknown command.
Casting: Slow (safe; 2% risk of failure)
Confirm with . or Enter, or press ? or * to list all spells.
Okay, then.
Unknown command.
You climb downwards.
There is a stone staircase leading up here.
Unknown command.
Unknown command.
A rat comes into view.
Danger!
You shoot a sling bullet. The sling bullet hits the rat!
You kill the rat!
No target in view!
Found a stone staircase leading down.
Unknown command.
You see here a +0 hand axe {axe}.
A sleepcap comes into view.
Danger!
You shoot a sling bullet. The sling bullet hits the sleepcap.
You shoot a sling bullet. The sling bullet hits the sleepcap!
You shoot a sling bullet. The sling bullet hits the sleepcap!
You shoot a sling bullet. The sling bullet hits the sleepcap.
You shoot a sling bullet.
The sling bullet hits the sleepcap but does no damage.
You shoot a sling bullet. The sling bullet hits the sleepcap.
The sleepcap releases spores at you.
You are engulfed in a cloud of soporific spores!
You fall asleep.
The sleepcap releases spores at you!!
Ouch! That really hurt!
You die...

Skill      XL: |  1  2  3  4 |
---------------+-------------+-----
Spellcasting   | 2 3 |  3.7
Hexes          | 4 5 |  5.1
Fire Magic     | 1 |  1.3
Fighting       | |  0.7
Ranged Weapons | |  2.0
Dodging        | |  2.6

Action                     |  1- 3 |  4- 6 || total
---------------------------+-------+-------++-------
   Fire: Sling             |   113 |    82 ||   195
   Cast: Slow              |     7 |     7 ||    14
 Armour: Robe              |     4 |     3 ||     7
  Dodge: Dodged            |    47 |    20 ||    67
  Block: Other             |     9 |     3 ||    12

Levels and vault maps discovered:
D:1:      ncdulo_wetmaze, layout_rooms
D:2:      layout_basic
D:3:      layout_basic, ebering_ecumenical_altar_mist, patterned_corridor

Notes
Turn   | Place    | Note
-------+----------+-------------------------------------------
     0 | D:1      | Sobieck the Spriggan Hexslinger began the quest for the
                  | Orb.
     0 | D:1      | Reached XP level 1. HP: 9/9 MP: 3/3
    20 | D:1      | You pick up a book of Alchemy and begin reading...
    20 | D:1      | You add the spells Sublimation of Blood, Petrify and
                  | Irradiate to your library.
   182 | D:1      | Reached skill level 2 in Spellcasting
   182 | D:1      | Reached skill level 4 in Hexes
   248 | D:1      | Reached XP level 2. HP: 9/14 MP: 4/6
   499 | D:1      | Reached XP level 3. HP: 15/17 MP: 8/8
   686 | D:1      | Reached skill level 3 in Spellcasting
   847 | D:1      | Learned a level 3 spell: Inner Flame
   851 | D:1      | Learned a level 3 spell: Portal Projectile
  1187 | D:2      | Reached XP level 4. HP: 21/21 MP: 10/10
  1471 | D:3      | You pick up a book of Burglary and begin reading...
  1471 | D:3      | You add the spells Passwall, Ensorcelled Hibernation and
                  | Swiftness to your library.
  1507 | D:3      | Found a faded altar of an unknown god.
  1683 | D:2      | Reached skill level 1 in Fire Magic
  2067 | D:2      | Reached skill level 5 in Hexes
  2136 | D:3      | Slain by a sleepcap

Vanquished Creatures
  An orc wizard (D:2)
  3 adders
  A dart slug (D:1)
  6 orcs
  10 ball pythons
  4 endoplasms
  A giant cockroach (D:1)
  3 goblins (D:1)
  A hobgoblin (D:1)
  7 jackals (D:1)
  5 kobolds
  3 quokkas
  4 bats
  3 frilled lizards
  10 rats
62 creatures vanquished.

Table legend:
 A = Non-vault XP
 B = Vault XP
 C = Vault XP percentage of total XP
 D = Non-vault monster count
 E = Vault monster count
 F = Vault count percentage of total count
                 A         B        C        D         E       F
            +---------+---------+-------+---------+---------+-------
      Total |     176 |       0 |   0.0 |      62 |       0 |   0.0
            +---------+---------+-------+---------+---------+-------
        D:1 |      70 |       0 |   0.0 |      34 |       0 |   0.0
        D:2 |      81 |       0 |   0.0 |      15 |       0 |   0.0
        D:3 |      25 |       0 |   0.0 |      13 |       0 |   0.0
            +---------+---------+-------+---------+---------+-------

Skill      XL: |  1  2  3  4 |
---------------+-------------+-----
Spellcasting   | 2 3 |  3.7
Hexes          | 4 5 |  5.1
Fire Magic     | 1 |  1.3
Fighting       | |  0.7
Ranged Weapons | |  2.0
Dodging        | |  2.6

Action                     |  1- 3 |  4- 6 || total
---------------------------+-------+-------++-------
   Fire: Sling             |   113 |    82 ||   195
   Cast: Slow              |     7 |     7 ||    14
 Armour: Robe              |     4 |     3 ||     7
  Dodge: Dodged            |    47 |    20 ||    67
  Block: Other             |     9 |     3 ||    12

Illustrated notes

Table legend:
 A = Kills in this place as a percentage of kills in the entire game.
 B = Kills by you in this place as a percentage of kills by you in the entire game.
 C = Kills by friends in this place as a percentage of kills by friends in the entire game.
 D = Other kills in this place as a percentage of other kills in the entire game.
 E = Experience gained in this place as a percentage of experience gained in the entire game.
 F = Experience gained in this place divided by the number of levels of this place that you have seen.
                   A       B       C       D       E      F
               +-------+-------+-------+-------+-------+----------------------
         Total | 100.0 | 100.0 |   N/A |   N/A | 100.0 |  58.7
       Dungeon | 100.0 | 100.0 |   N/A |   N/A | 100.0 |  58.7
               +-------+-------+-------+-------+-------+----------------------

Table legend: (Time is in decaauts)
 A = Elapsed time spent in this place.
 B = Non-inter-level travel time spent in this place.
 C = Inter-level travel time spent in this place.
 D = Time resting spent in this place.
 E = Time spent auto-exploring this place.
 F = Levels seen in this place.
 G = Mean time per level.
                   A        B        C        D        E       F      G
               +--------+--------+--------+--------+--------+-----+--------+
         Total |   1560 |   1539 |     21 |    128 |    898 |   3 |  520.0 |
       Dungeon |   1560 |   1539 |     21 |    128 |    898 |   3 |  520.0 |
               +--------+--------+--------+--------+--------+-----+--------+

Top non-repeatable levels by time:
     D:1: 667 daAuts
     D:2: 479 daAuts
     D:3: 414 daAuts
